IL
MEMPHIS REDBIRDS @ NEW ORLEANS ZEPHYRS
06/26/2047
 
TOP OF THE 1ST
Memphis Redbirds batting - Pitching for New Orleans Zephyrs : RHP Ray Duncan
Pitching: RHP Ray Duncan
Batting: RHB Tommy Baird 0-0: Swinging Strike
0-1: Ball
1-1: Ground out 6-3 (Groundball, 6, EV 83.1 MPH)
Batting: RHB Trevor Mock 0-0: Swinging Strike
0-1: Hit by Pitch
Batting: RHB Danny Gallo 0-0: Grounds into double play, 6-4-3 (Groundball, 6, EV 80.0 MPH)
Top of the 1st over - 0 runs, 0 hits, 0 errors, 0 left on base; Memphis 0 - New Orleans 0
BOTTOM OF THE 1ST
New Orleans Zephyrs batting - Pitching for Memphis Redbirds : LHP Nate Crow
Pitching: LHP Nate Crow
Batting: LHB Jose Bregaro 0-0: Called Strike
0-1: SINGLE (Groundball, 34D, EV 95.6 MPH)
Batting: RHB Boof Howell 0-0: Ball
1-0: Grounds into double play, 5-4-3 (Groundball, 56S, EV 91.2 MPH)
Batting: LHB Luis Magdaleno 0-0: Foul Ball, location: 2F
0-1: Called Strike
0-2: Ground out 5-3 (Groundball, 5, EV 102.5 MPH)
Bottom of the 1st over - 0 runs, 1 hit, 0 errors, 0 left on base; Memphis 0 - New Orleans 0
TOP OF THE 2ND
Memphis Redbirds batting - Pitching for New Orleans Zephyrs : RHP Ray Duncan
Batting: LHB Frank Hill 0-0: Ground out 4-3 (Groundball, 4, EV 103.1 MPH)
Batting: SHB Luke Robbins 0-0: Called Strike
0-1: Foul Ball, location: 2F
0-2: Ball
1-2: Fly out, F8 (Flyball, 8RD, EV 101.2 MPH)
Batting: LHB Johan de Vries 0-0: Ball
1-0: Fly out, F3 (Line Drive, 34, EV 75.6 MPH)
Top of the 2nd over - 0 runs, 0 hits, 0 errors, 0 left on base; Memphis 0 - New Orleans 0
BOTTOM OF THE 2ND
New Orleans Zephyrs batting - Pitching for Memphis Redbirds : LHP Nate Crow
Batting: RHB Tony Stedman 0-0: Ball
1-0: Foul Ball, location: 2F
1-1: Foul Ball, location: 2F
1-2: Strikes out swinging
Batting: RHB Rick Fell 0-0: Ball
1-0: Fly out, F9 (Flyball, 9S, EV 79.4 MPH)
Batting: RHB Justin Huff 0-0: Foul Ball, location: 2F
0-1: Fly out, F9 (Line Drive, 9S, EV 103.1 MPH)
Bottom of the 2nd over - 0 runs, 0 hits, 0 errors, 0 left on base; Memphis 0 - New Orleans 0
TOP OF THE 3RD
Memphis Redbirds batting - Pitching for New Orleans Zephyrs : RHP Ray Duncan
Batting: RHB John Parra 0-0: Called Strike
0-1: Ball
1-1: Called Strike
1-2: Strikes out swinging
Batting: SHB Rich Muniz 0-0: Called Strike
0-1: Called Strike
0-2: Ball
1-2: Ball
2-2: Ball
3-2: Strikes out swinging
Batting: RHB Josh Zoglmann 0-0: Swinging Strike
0-1: Foul Ball, location: 2F
0-2: Fly out, F8 (Flyball, 8RD, EV 106.2 MPH)
Top of the 3rd over - 0 runs, 0 hits, 0 errors, 0 left on base; Memphis 0 - New Orleans 0
BOTTOM OF THE 3RD
New Orleans Zephyrs batting - Pitching for Memphis Redbirds : LHP Nate Crow
Batting: RHB Isaiah Brockman 0-0: Ball
1-0: Swinging Strike
1-1: Fly out, F2 (Popup, 15S, EV 83.1 MPH)
Batting: SHB Ramon Martinez 0-0: Ball
1-0: Fly out, F8 (Line Drive, 8RD, EV 87.5 MPH)
Batting: RHB Torquato Obawole 0-0: Ball
1-0: Foul Ball, location: 2F
1-1: Ball
2-1: Called Strike
2-2: SINGLE (Flyball, 4D, EV 89.4 MPH)
Batting: LHB Jose Bregaro 0-0: Called Strike
0-1: Called Strike
0-2: Foul Ball, location: 2F
0-2: Ball
Torquato Obawole steals 2nd, throwing error, E2
Torquato Obawole to third
1-2: DOUBLE (Line Drive, 7LS, EV 92.5 MPH)
Torquato Obawole scores
Batting: RHB Boof Howell 0-0: Called Strike
0-1: Foul Ball, location: 2F
0-2: Ball
1-2: Ball
2-2: Foul Ball, location: 2F
2-2: Foul Ball, location: 2F
2-2: Foul Ball, location: 2F
2-2: Ball
3-2: Fly out, F8 (Flyball, 8LS, EV 78.8 MPH)
Bottom of the 3rd over - 1 run, 2 hits, 1 error, 1 left on base; Memphis 0 - New Orleans 1
TOP OF THE 4TH
Memphis Redbirds batting - Pitching for New Orleans Zephyrs : RHP Ray Duncan
Batting: RHB Tommy Baird 0-0: Foul Ball, location: 2F
0-1: Ball
1-1: Ball
2-1: Foul Ball, location: 2F
2-2: Fly out, F9 (Flyball, 9, EV 94.4 MPH)
Batting: RHB Trevor Mock 0-0: Foul Ball, location: 2F
0-1: Ball
1-1: Ball
2-1: Fly out, F7 (Flyball, 78S, EV 76.2 MPH)
Batting: RHB Danny Gallo 0-0: Ball
1-0: Ball
2-0: Ball
3-0: Called Strike
3-1: SINGLE (Groundball, 4M, EV 110.0 MPH) (infield hit)
Batting: LHB Frank Hill 0-0: Ball
1-0: Foul Ball, location: 2F
1-1: Ball
2-1: Ball
3-1: Base on Balls
Danny Gallo to second
Batting: SHB Luke Robbins 0-0: Ball
1-0: Called Strike
1-1: Ball
2-1: Fly out, F8 (Line Drive, 78M, EV 101.9 MPH)
Top of the 4th over - 0 runs, 1 hit, 0 errors, 2 left on base; Memphis 0 - New Orleans 1
BOTTOM OF THE 4TH
New Orleans Zephyrs batting - Pitching for Memphis Redbirds : LHP Nate Crow
Batting: LHB Luis Magdaleno 0-0: Ball
1-0: Ground out 5-3 (Groundball, 5L, EV 79.4 MPH)
Batting: RHB Tony Stedman 0-0: Called Strike
0-1: Ball
1-1: Foul Ball, location: 2F
1-2: Ball
2-2: Strikes out swinging
Batting: RHB Rick Fell 0-0: Called Strike
0-1: Fly out, F8 (Flyball, 89M, EV 88.1 MPH)
Bottom of the 4th over - 0 runs, 0 hits, 0 errors, 0 left on base; Memphis 0 - New Orleans 1
TOP OF THE 5TH
Memphis Redbirds batting - Pitching for New Orleans Zephyrs : RHP Ray Duncan
Batting: LHB Johan de Vries 0-0: Ball
1-0: Called Strike
1-1: Called Strike
1-2: Strikes out looking
Batting: RHB John Parra 0-0: Called Strike
0-1: Called Strike
0-2: Strikes out swinging
Batting: SHB Rich Muniz 0-0: Called Strike
0-1: Ball
1-1: Foul Ball, location: 2F
1-2: Strikes out swinging
Top of the 5th over - 0 runs, 0 hits, 0 errors, 0 left on base; Memphis 0 - New Orleans 1
BOTTOM OF THE 5TH
New Orleans Zephyrs batting - Pitching for Memphis Redbirds : LHP Nate Crow
Batting: RHB Justin Huff 0-0: Swinging Strike
0-1: Ball
1-1: Called Strike
1-2: Foul Ball, location: 2F
1-2: Foul Ball, location: 2F
1-2: Fly out, F9 (Line Drive, 9LS, EV 96.9 MPH)
Batting: RHB Isaiah Brockman 0-0: Called Strike
0-1: Ball
1-1: Ball
2-1: Called Strike
2-2: Fly out, F9 (Line Drive, 9S, EV 85.0 MPH)
Batting: SHB Ramon Martinez 0-0: Ball
1-0: Called Strike
1-1: Swinging Strike
1-2: Strikes out swinging
Bottom of the 5th over - 0 runs, 0 hits, 0 errors, 0 left on base; Memphis 0 - New Orleans 1
TOP OF THE 6TH
Memphis Redbirds batting - Pitching for New Orleans Zephyrs : RHP Ray Duncan
Batting: RHB Josh Zoglmann 0-0: Ball
1-0: Ball
2-0: Ground out 6-3 (Groundball, 6, EV 104.4 MPH)
Batting: RHB Tommy Baird 0-0: Ball
1-0: DOUBLE (Line Drive, 89D, EV 110.0 MPH)
Batting: RHB Trevor Mock 0-0: Fly out, F8 (Flyball, 78M, EV 71.9 MPH)
Batting: RHB Danny Gallo 0-0: Foul Ball, location: 2F
0-1: Ball
1-1: Foul Ball, location: 2F
1-2: Ball
2-2: Ball
3-2: Fly out, F8 (Flyball, 8LM, EV 86.9 MPH)
Top of the 6th over - 0 runs, 1 hit, 0 errors, 1 left on base; Memphis 0 - New Orleans 1
BOTTOM OF THE 6TH
New Orleans Zephyrs batting - Pitching for Memphis Redbirds : LHP Nate Crow
Batting: RHB Torquato Obawole 0-0: Ball
1-0: Called Strike
1-1: Called Strike
1-2: Ball
2-2: Foul Ball, location: 2F
2-2: SINGLE (Groundball, 13S, EV 65.6 MPH) (infield hit)
Batting: LHB Jose Bregaro 0-0: Ball
1-0: Called Strike
1-1: Ball
2-1: Ball
3-1: SINGLE (Groundball, 6MS, EV 73.8 MPH) (infield hit)
Torquato Obawole to second
Batting: RHB Boof Howell 0-0: Ball
1-0: Ball
2-0: Foul Ball, location: 2F
2-1: Ball
3-1: Called Strike
3-2: Foul Ball, location: 2F
3-2: Grounds into double play, 4-6-3 (Groundball, 34, EV 89.4 MPH)
Torquato Obawole to third
Batting: LHB Luis Magdaleno 0-0: Ball
1-0: Called Strike
1-1: Foul Ball, location: 2F
1-2: Ball
2-2: Foul Ball, location: 2F
2-2: Foul Ball, location: 2F
2-2: Strikes out looking
Bottom of the 6th over - 0 runs, 2 hits, 0 errors, 1 left on base; Memphis 0 - New Orleans 1
TOP OF THE 7TH
Memphis Redbirds batting - Pitching for New Orleans Zephyrs : RHP Ray Duncan
Batting: LHB Frank Hill 0-0: Swinging Strike
0-1: Swinging Strike
0-2: Foul Ball, location: 2F
0-2: Ground out 4-3 (Groundball, 4, EV 101.2 MPH)
Batting: SHB Luke Robbins 0-0: Called Strike
0-1: Foul Ball, location: 2F
0-2: Ball
1-2: Foul Ball, location: 2F
1-2: Fly out, F3 (Popup, 3F, EV 66.9 MPH)
Batting: LHB Johan de Vries 0-0: Ball
1-0: SINGLE (Groundball, 34D, EV 105.0 MPH)
Batting: RHB John Parra 0-0: Called Strike
0-1: SINGLE (Groundball, 6M, EV 100.6 MPH) (infield hit)
Johan de Vries to second
Batting: SHB Rich Muniz 0-0: Ball
1-0: Ball
2-0: Foul Ball, location: 2F
2-1: Foul Ball, location: 2F
2-2: Strikes out swinging
Top of the 7th over - 0 runs, 2 hits, 0 errors, 2 left on base; Memphis 0 - New Orleans 1
BOTTOM OF THE 7TH
New Orleans Zephyrs batting - Pitching for Memphis Redbirds : LHP Nate Crow
Batting: RHB Tony Stedman 0-0: Fly out, F8 (Flyball, 8LXD, EV 93.8 MPH)
Batting: RHB Rick Fell 0-0: Ball
1-0: Ball
2-0: Ball
3-0: Called Strike
3-1: Foul Ball, location: 2F
3-2: Base on Balls
Batting: RHB Justin Huff 0-0: Called Strike
0-1: Fly out, F7 (Flyball, 78S, EV 88.8 MPH)
Batting: RHB Isaiah Brockman 0-0: Ball
1-0: Called Strike
1-1: Swinging Strike
1-2: Strikes out swinging
Bottom of the 7th over - 0 runs, 0 hits, 0 errors, 1 left on base; Memphis 0 - New Orleans 1
TOP OF THE 8TH
Memphis Redbirds batting - Pitching for New Orleans Zephyrs : RHP Ray Duncan
Batting: RHB Josh Zoglmann 0-0: SINGLE (Popup, 15S, EV 83.1 MPH)
Batting: RHB Tommy Baird 0-0: Ball
1-0: 2-RUN HOME RUN (Flyball, 7D, EV 99.4 MPH), Distance : 387 ft
Batting: RHB Trevor Mock 0-0: Called Strike
0-1: Ball
1-1: Ground out 5-3 (Groundball, 56, EV 108.1 MPH)
Batting: RHB Danny Gallo 0-0: Ball
1-0: Ball
2-0: Ball
3-0: Called Strike
3-1: Base on Balls
Pitching: RHP Pat Siebert
Batting: LHB Frank Hill 0-0: Foul Ball, location: 2F
0-1: Ball
1-1: Ball
2-1: Swinging Strike
2-2: Fielders Choice at 2nd, 3-6 (Groundball, 3S, EV 85.0 MPH)
Batting: SHB Luke Robbins 0-0: Called Strike
Frank Hill steals 2nd base
0-1: SINGLE (Groundball, 4D, EV 97.5 MPH)
Frank Hill to third
Runner from 3rd tries for Home, SAFE, throw by CF to home
Batting: LHB Johan de Vries 0-0: Called Strike
0-1: Ball
1-1: Called Strike
1-2: Ground out 4-3 (Groundball, 34, EV 92.5 MPH)
Top of the 8th over - 3 runs, 3 hits, 0 errors, 1 left on base; Memphis 3 - New Orleans 1
BOTTOM OF THE 8TH
New Orleans Zephyrs batting - Pitching for Memphis Redbirds : LHP Nate Crow
Pitching: RHP Austin Akers
Batting: SHB Ramon Martinez 0-0: Called Strike
0-1: Ball
1-1: Foul Ball, location: 2F
1-2: Ball
2-2: Ball
3-2: SINGLE (Groundball, 4MD, EV 99.4 MPH)
Pinch Hitting: LHB Eric Bailey 0-0: Ball
1-0: Foul Ball, location: 2F
1-1: Ball
2-1: Foul Ball, location: 2F
2-2: Ball
3-2: Base on Balls
Ramon Martinez to second
Batting: LHB Jose Bregaro 0-0: Called Strike
0-1: Foul Ball, location: 2F
0-2: Foul Ball, location: 2F
0-2: Ball
1-2: 3-RUN HOME RUN (Flyball, 89XD, EV 99.4 MPH), Distance : 400 ft
Pitching: RHP Jim Kincaid
Batting: RHB Boof Howell 0-0: Called Strike
0-1: Called Strike
0-2: Ball
1-2: Ball
2-2: Ground out 5-3 (Groundball, 56, EV 91.2 MPH)
Batting: LHB Luis Magdaleno 0-0: Ball
1-0: Ground out 1-3 (Groundball, 13S, EV 60.6 MPH)
Batting: RHB Tony Stedman 0-0: Foul Ball, location: 2F
0-1: Ball
1-1: Swinging Strike
1-2: Ball
2-2: Strikes out swinging
Bottom of the 8th over - 3 runs, 2 hits, 0 errors, 0 left on base; Memphis 3 - New Orleans 4
TOP OF THE 9TH
Memphis Redbirds batting - Pitching for New Orleans Zephyrs : RHP Pat Siebert
Pitching: RHP Alberto Negrete
Now at 3B: Boof Howell
Now in CF: Jose Bregaro
Now in RF: Eric Bailey
Batting: RHB John Parra 0-0: Ball
1-0: Ball
2-0: Foul Ball, location: 2F
2-1: Foul Ball, location: 2F
2-2: Ball
3-2: Ground out 6-3 (Groundball, 56S, EV 90.6 MPH)
Batting: SHB Rich Muniz 0-0: Ball
1-0: Fly out, F8 (Flyball, 8LD, EV 96.2 MPH)
Pinch Hitting: LHB Zack Berney 0-0: Called Strike
0-1: Foul Ball, location: 2F
0-2: Strikes out swinging
Top of the 9th over - 0 runs, 0 hits, 0 errors, 0 left on base; Memphis 3 - New Orleans 4
Thursday, December 15th , 2022 - OOTP Baseball 23.9 Build 102